 Dungeon Crawl Stone Soup version 0.28.0-53-g5a82cb258f (webtiles) character file.

Game seed: 14246390739089423065

75 PentaManta the Changer (level 4, -1/28 HPs)
             Began as an Octopode Transmuter on June 6, 2022.
             Slain by a jelly (3 damage)
             ... on level 3 of the Dungeon.
             The game lasted 00:03:51 (2642 turns).

PentaManta the Changer (Octopode Transmuter)        Turns: 2642, Time: 00:03:52

Health: -1/28      AC: -3    Str:  9    XL:     4   Next: 31%
Magic:  7/7        EV: 13    Int: 23    God:
Gold:   178        SH:  5    Dex: 12    Spells: 3/7 levels left

rFire   . . .      SeeInvis .     - Unarmed
rCold   . . .      Faith    .   (no shield)
rNeg    . . .      Spirit   .   (helmet currently unavailable)
rPois   .          Reflect  +   b - amulet of reflection
rElec   .          Harm     .   d - +6 ring of intelligence
rCorr   .          Rampage  .   (no ring)
Will    .....                   (no ring)
Stlth   ++........              (no ring)
HPRegen 0.09/turn               (no ring)
MPRegen 0.10/turn               (no ring)
                                (no ring)
                                (no ring)

@: appendages (expiring), corroded
A: tentacle spike 3, almost no armour, amphibious, 8 rings, camouflage 1,
gelatinous body 1, (nimble swimmer 1), tentacles
a: End Transformation


You were on level 3 of the Dungeon.
One of your tentacles had grown a beastly spike.
You visited 1 branch of the dungeon, and saw 3 of its levels.

You collected 178 gold pieces.

Inventory:

Hand Weapons
 i - a +1 dagger of venom
Missiles
 j - 11 poisoned darts
Jewellery
 b - an amulet of reflection (around mantle)
 c - a ring of fire
 d - a +6 ring of intelligence (left tentacle)
Wands
 g - a wand of acid (11)
Scrolls
 f - 2 scrolls of teleportation {unknown}
 h - a scroll of identify {unknown}
Potions
 a - 2 potions of lignification {unknown}
 e - a potion of degeneration {unknown}


   Skills:
 - Level 1.0 Fighting
 - Level 2.0 Dodging
 - Level 3.0 Unarmed Combat
 - Level 2.0 Spellcasting
 + Level 4.4 Transmutations


You had 3 spell levels left.
You knew the following spells:

 Your Spells              Type           Power      Damage    Failure   Level
a - Beastly Appendage     Tmut           44%        N/A       1%          1
b - Spider Form           Tmut/Pois      12%        N/A       16%         3

Your spell library contained the following spells:

 Spells                   Type           Power      Damage    Failure   Level
 Wereblood                Tmut           22%        N/A       3%          2
 Animate Skeleton         Necr           4%         N/A       13%         1
 Apportation              Tloc           4%         N/A       13%         1
 Summon Small Mammal      Summ           8%         N/A       13%         1
 Ice Form                 Ice/Tmut       12%        N/A       45%         4
 Blade Hands              Tmut           11%        N/A       50%         5
 Iron Shot                Conj/Erth      1%         9d1       100%        6
 Lehudib's Crystal Spear  Conj/Erth      1%         10d2      100%        8
 Animate Armour           Summ/Erth      Unusable   N/A       N/A         4

Dungeon Overview and Level Annotations

Branches:
Dungeon (3/15)

Altars:
Hepliaklqana
Wu Jian


Innate Abilities, Weirdness & Mutations

One of your tentacles has grown a beastly spike.
You cannot wear most types of armour.
You are amphibious.
You can wear up to eight rings at the same time.
Your skin changes colour to match your surroundings (Stealth+).
Your rubbery body absorbs attacks. (AC +1, EV +1)
((You are camouflaged when in or above water. (Stealth+)))
You have tentacles for arms and can constrict up to eight enemies at once.


Message History

You start waiting.
Your transformation is almost over.
Your tentacle spike disappears.
Done waiting.
You see here a +0 short sword.
You see here a +0 short sword.
Items here: )) รทรท.
Things that are here:
a +0 dagger; a kobold skeleton You open the gate.
There is an open gate here.
You open the door.
There is an open door here.
You see here a +0 short sword.
The jelly quivers.
One of your tentacles grows a vicious spike.
You tentacle-slap the jelly. The acid corrodes you!
Your tentacles burn!
The jelly is lightly wounded.
The jelly completely misses you.
You tentacle-slap the jelly but do no damage.
Your tentacles burn!
You pierce the jelly.
The jelly is moderately wounded.
The jelly closely misses you.
You barely miss the jelly. You squeeze the jelly.
The jelly is moderately wounded.
The jelly hits you.
You are splashed with acid.
You tentacle-slap the jelly.
Your tentacles burn!
You pierce the jelly, but do no damage.
The jelly is moderately wounded.
The jelly hits you.
* * * LOW HITPOINT WARNING * * *
You are splashed with acid.
* * * LOW HITPOINT WARNING * * *
You see here a +0 short sword.
Your transformation is almost over.
There is an open door here.
Unknown command.
The jelly jiggles.
The jelly hits you.
You die...

##.............#
####.......)###
#..#####)### #..#
#..)..# ##..# ##'''##
#...# ##...##
#..####...).##
#...##.......#####
#.#.##[....@.##..#
#.#.##.....J.##..####
#...##.......##.....#
#########....###.##.#
##..'....#
#.##.########
#.########
#............
##.J.)..#
####.########
#######'#
#....#######
..##.###......#


You could see a jelly.

Vanquished Creatures
  A gnoll (D:1)
  2 adders
  3 dart slugs
  3 endoplasms
  4 giant cockroaches
  2 goblins (D:1)
  4 hobgoblins
  8 kobolds
  3 quokkas
  3 ball pythons
  A bat (D:3)
  3 frilled lizards
  3 rats
40 creatures vanquished.

Vanquished Creatures (others)
  A kobold (D:3)
  11 toadstools (D:3)
12 creatures vanquished.

Grand Total: 52 creatures vanquished

Notes
Turn   | Place    | Note
-------+----------+-------------------------------------------
     0 | D:1      | PentaManta the Octopode Transmuter began the quest for the
                  | Orb.
     0 | D:1      | Reached XP level 1. HP: 13/13 MP: 3/3
   178 | D:1      | Reached XP level 2. HP: 13/18 MP: 3/5
   264 | D:1      | Reached skill level 3 in Transmutations
   396 | D:1      | Reached XP level 3. HP: 23/23 MP: 4/6
   785 | D:2      | Got the Disquisition on Clay
   938 | D:2      | Found a hazy altar of Hepliaklqana.
   967 | D:2      | Learned a level 3 spell: Spider Form
  1000 | D:2      | Reached skill level 4 in Transmutations
  1964 | D:3      | Reached XP level 4. HP: 22/28 MP: 5/7
  2137 | D:3      | Found an ornate altar of the Wu Jian Council.
  2629 | D:3      | HP: 1/28 [acid (6)]
  2642 | D:3      | Slain by a jelly

Illustrated notes

Levels and vault maps discovered:
D:1:      heliophobic_arrival_enchanted_forest, layout_rooms
D:2:      layout_loops_ring, basic_altar
D:3:      cheibrodos_fertilizer, layout_basic, nzn_wu_jian_council_hall,
          minivault_27

Skill      XL: |  1  2  3 |
---------------+----------+-----
Transmutations | 3 4 |  4.4
Fighting       | |  1.0
Dodging        | |  2.0
Unarmed Combat | |  3.0
Spellcasting   | |  2.0

Action                   |  1- 3 |  4- 6 || total
-------------------------+-------+-------++-------
Melee: Unarmed           |    64 |    20 ||    84
       Tentacles         |    16 |     5 ||    21
       Kick              |    15 |     7 ||    22
       Constrict         |    20 |     3 ||    23
       Punch             |     2 |       ||     2
 Cast: Beastly Appendage |    22 |     5 ||    27
 Stab: Sleeping          |     2 |     1 ||     3
Armor: Skin              |     3 |       ||     3
Dodge: Dodged            |    33 |     6 ||    39
Block: Other             |    13 |     2 ||    15
       Reflection        |       |     1 ||     1
